 Dungeon Crawl Stone Soup version 0.31.0-11-ge490571c62 (webtiles) character file.

Game seed: 6108045378057493372

129 hawla the Chopper (level 4, 0/36 (39) HPs)
             Began as a Minotaur Fighter on Feb 2, 2024.
             Slain by a wight
             ... wielding a +4 flail
              (4 damage)
             ... on level 6 of the Dungeon.
             The game lasted 00:04:06 (1976 turns).

hawla the Chopper (Minotaur Fighter)                Turns: 1976, Time: 00:04:06

HP:   0/36 (39)     AC:  9    Str: 22    XL:     4   Next: 88%
MP:   3/3           EV:  8    Int:  5    God:
Gold: 97            SH:  4    Dex: 10    Spells: 3/3 levels left

rFire   . . .        a - +0 war axe
rCold   . . .        c - +0 buckler
rNeg    . . .        s - +0 chain mail
rPois   .            (helmet restricted)
rElec   .            (no cloak)
rCorr   .            (no gloves)
SInv    .            (no boots)
Will    .....        (no amulet) Stlth
                     (no ring)
HPRegen 0.26/turn    (no ring)
MPRegen 0.08/turn

%: no passive effects
@: drained
A: horns 2, retaliatory headbutt
a: no special abilities


You were on level 6 of the Dungeon.
You visited 1 branch of the dungeon, and saw 4 of its levels.

You collected 97 gold pieces.

Inventory:

Hand Weapons
 a - a +0 war axe (weapon)
Missiles
 f - a throwing net (quivered)
Armour
 c - a +0 buckler (worn)
 q - a +1 kite shield
 s - a +0 chain mail (worn)
Jewellery
 m - an amulet of reflection
Scrolls
 b - 4 scrolls of identify
 j - a scroll of vulnerability {unknown}
Potions
 d - 3 potions of might
 e - a potion of degeneration {unknown}
 g - a potion of attraction
 h - a potion of lignification
 i - a potion of curing {unknown}
 k - 2 potions of haste
 l - a potion of magic {unknown}
 n - a potion of heal wounds
 r - a potion of brilliance {unknown}


   Skills:
 - Level 3.6 Fighting
 + Level 6.2 Axes
 - Level 3.6 Armour
 - Level 3.6 Shields


You had 3 spell levels left.
You didn't know any spells.
Your spell library contained the following spells:

 Spells                   Type           Power      Damage    Failure   Level
 Magic Dart               Conj           0%         1d3       99%         1
 Searing Ray              Conj           0%         2d4       99%         2
 Dazzling Flash           Conj/Hex       0%         N/A       100%        3
 Volatile Blastmotes      Fire/Tloc      0%         2d10      100%        3
 Fulminant Prism          Conj/Alch      0%         3d5       100%        4
 Starburst                Conj/Fire      0%         6d3       100%        6
 Maxwell's Capacitive Co  Air            0%         ∞         100%        8


Dungeon Overview and Level Annotations

Branches:
Dungeon (3/15)

Altars:


Innate Abilities, Weirdness & Mutations

You have a pair of horns on your head.
You reflexively headbutt those who attack you in melee.


Message History

A hound is nearby!
You miss the hound.
The hound barely misses you. x2; You furiously retaliate!
You headbutt the hound! You closely miss the hound.
The hound is heavily wounded.
You block the hound's attack. The hound bites you.
You slash the hound!
You kill the hound!
Your Axes skill increases to level 6!
No target in view!
You now have 97 gold pieces (gained 14).
m - an amulet of reflection A wight comes into view.
It is wielding a +4 flail and wearing a +1 robe of cold resistance.
A wight comes into view. It is wielding a +6 long sword.
Found 8 gold pieces.
The wight barely misses you.
The wight hits you with a +6 long sword.
You closely miss the wight. x2
A wight comes into view. It is wielding a +0 falchion.
The wight hits you with a +4 flail. The wight hits you but does no damage.
The wight hits you with a +6 long sword!
The wight hits you with a +4 flail.
You feel drained.
The wight moves out of view.
You closely miss the wight. Your headbutt misses the wight.
You barely miss the wight. The wight hits you with a +4 flail!
The wight barely misses you.
You are too injured to fight recklessly!
You closely miss the wight. The wight barely misses you.
You slash the wight!
The wight is severely damaged.
You block the wight's attack.
You completely miss the wight.
The wight is severely damaged.
The wight barely misses you.
You hit the wight but do no damage.
The wight is severely damaged.
The wight hits you with a +4 flail!
* * * LOW HITPOINT WARNING * * *
You feel drained.
You die...

#.. .. . .# .. ##.# .#. #
####..# ## ....###
#.##(..######. ......z
###.............
....?..###......#########
....$.zz@..######
.....####..## ... ##..# .
##.### #...# #########
###.# #........ #.#
#.####### #.###.# #.....#


You could see 2 wights.

Vanquished Creatures
  2 hounds (D:6)
  An adder (D:2)
  3 dart slugs
  A ribbon worm (D:2)
  4 orcs (D:3)
  4 ball pythons
  6 bats
  6 endoplasms
  2 giant cockroaches
  4 goblins
  4 hobgoblins
  2 quokkas (D:1)
  3 frilled lizards
  6 kobolds
  4 rats
52 creatures vanquished.

Notes
Turn   | Place    | Note
-------+----------+-------------------------------------------
     0 | D:1      | hawla the Minotaur Fighter began the quest for the Orb.
     0 | D:1      | Reached XP level 1. HP: 19/19 MP: 0/0
    51 | D:1      | Reached skill level 3 in Axes
    87 | D:1      | Reached XP level 2. HP: 26/26 MP: 1/1
   348 | D:1      | Reached skill level 4 in Axes
   353 | D:1      | Found a faded altar of an unknown god.
   467 | D:1      | Reached XP level 3. HP: 31/31 MP: 2/2
  1343 | D:3      | Reached skill level 5 in Axes
  1571 | D:3      | Reached XP level 4. HP: 39/39 MP: 3/3
  1798 | D:3      | You fall into a shaft and drop 3 floors!
  1913 | D:6      | Reached skill level 6 in Axes
  1976 | D:6      | Slain by a wight

Illustrated notes

Levels and vault maps discovered:
D:1:      scummos_arrival_hexagon, layout_loops_cross,
          hellmonk_ecumenical_altar_zigzags
D:2:      layout_loops_ring
D:3:      layout_loops_ring
D:6:      layout_rooms, grunt_dithmenos_shadows

Skill      XL: |  1  2  3  4 |
---------------+-------------+-----
Axes           | 3 4 5 6 |  6.2
Fighting       | |  3.6
Armour         | |  3.6
Shields        | |  3.6

Action                     |  1- 3 |  4- 6 || total
---------------------------+-------+-------++-------
  Melee: War axe           |    82 |    19 ||   101
         Headbutt          |     8 |     2 ||    10
    Use: Scroll            |    10 |       ||    10
 Armour: Scale mail        |    56 |       ||    56
         Chain mail        |     5 |    17 ||    22
  Dodge: Dodged            |    40 |    11 ||    51
  Block: Buckler           |    20 |     3 ||    23
